 Dungeon Crawl Stone Soup version 0.30-a0-4-ga7cffc901d (webtiles) character file.

Game seed: 6885860708484604873

43 Sobieck the Ruffian (level 3, -2/36 HPs)
             Began as an Ogre Transmuter on Aug 20, 2022.
             Slain by a kobold
             ... wielding a +2 whip of electrocution
              (20 damage)
             ... on level 2 of the Dungeon.
             The game lasted 00:04:24 (1707 turns).

Sobieck the Ruffian (Ogre Transmuter)               Turns: 1707, Time: 00:04:24

Health: -2/36      AC:  3    Str: 14    XL:     3   Next: 58%
Magic:  4/7        EV: 10    Int: 16    God:
Gold:   79         SH:  0    Dex:  9    Spells: 5/8 levels left

rFire   . . .      SeeInvis .      - Unarmed
rCold   . . .      Faith    .    (no shield)
rNeg    . . .      Spirit   .    a - +0 robe
rPois   .          Reflect  .    (helmet currently unavailable)
rElec   .          Harm     .    (no cloak)
rCorr   .          Rampage  .    (gloves unavailable)
Will    .....                    (boots unavailable)
Stlth   +.........               (no amulet)
HPRegen 0.12/turn                (no ring)
MPRegen 0.10/turn                (no ring)

@: appendages, wereblooded
A: horns 2, talons 2, large, unfitting armour, tough skin 1
a: End Transformation


You were on level 2 of the Dungeon.
You had temporarily grown beastly horns and talons.
You visited 1 branch of the dungeon, and saw 2 of its levels.

You collected 151 gold pieces.
You spent 72 gold pieces at shops.


Innate Abilities, Weirdness & Mutations

You have temporarily grown beastly horns and talons.
You are too large for most types of armour.
You have tough skin. (AC +1)


   Skills:
 + Level 2.5 Fighting
 - Level 2.0 Dodging
 - Level 3.0 Unarmed Combat
 - Level 3.0 Spellcasting
 + Level 2.3 Transmutations


You had 5 spell levels left.
You knew the following spells:

 Your Spells              Type           Power      Damage    Failure   Level
a - Beastly Appendage     Tmut           18%        N/A       7%          1
b - Wereblood             Tmut           9%         N/A       11%         2

Your spell library contained the following spells:

 Spells                   Type           Power      Damage    Failure   Level
 Magic Dart               Conj           8%         1d3       19%         1
 Call Imp                 Summ           2%         N/A       28%         2
 Spider Form              Tmut/Pois      6%         N/A       34%         3
 Mephitic Cloud           Conj/Pois/Air  2%         N/A       50%         3
 Ice Form                 Ice/Tmut       6%         N/A       75%         4
 Chain Lightning          Conj/Air       1%         3d1       100%        9
 Fire Storm               Conj/Fire      1%         7d1       100%        9
 Shatter                  Erth           1%         3d5*      100%        9

Inventory:

Hand Weapons
 c - a +0 whip {mace}
   (You took it off a kobold on level 1 of the Dungeon)
 h - a +0 whip {mace}
   (You took it off a kobold on level 1 of the Dungeon)
 i - a +0 short sword {short}
   (You took it off a kobold on level 1 of the Dungeon)
 m - a +0 club {mace}
   (You took it off a gnoll on level 1 of the Dungeon)
 p - a +0 dagger {short}
   (You took it off a kobold on level 1 of the Dungeon)
Missiles
 d - 16 stones {throwing}
Armour
 a - a +0 robe (worn)
 f - a +0 robe
   (You found it on level 1 of the Dungeon)
 s - a +0 kite shield
   (You took it off an orc on level 2 of the Dungeon)
 t - the +1 robe of the Realm of Zot {Harm}
   (You found it on level 2 of the Dungeon)

   Harm:      It increases damage dealt and taken.
Scrolls
 j - 2 scrolls of magic mapping {unknown}
 l - a scroll of identify {unknown}
 o - 2 scrolls of poison {unknown}
 q - 2 scrolls of immolation {unknown}
 r - a scroll of amnesia {unknown}
 u - a scroll of teleportation {unknown}
Potions
 b - 2 potions of lignification {!q}
 e - a potion of might {unknown}
 g - a potion of mutation {unknown}
 k - a potion of degeneration {unknown}
 n - 2 potions of curing {unknown}
 v - a potion of heal wounds {unknown}

Dungeon Overview and Level Annotations

Branches:
Dungeon (2/15) Zot: 10296

Altars:

Shops:
D:1 * D:2

: #...# ######### #...#
#.......# #...#
###.......#####...#
.'..).........#### ###
#.......####.## # ####..
#.......# #..#
#.....###.......#####.##
#....grK@...........#..#
⌠.⌠....#############.##.##
.∩..... #.##..# ⌠.⌠.r.K
#####.###.. #......
#.....# ##. ##.....
#.##### ## #.....
#.######### ######
#.......... ##########.


You could see a quokka, a hobgoblin and a kobold.


Message History

Danger!
The kobold hits you with a +0 short sword.
You barely miss the kobold. The kobold hits you but does no damage.
You barely miss the kobold.
The kobold hits you with a +0 short sword.
You completely miss the kobold. The kobold barely misses you.
You hit the kobold.
The kobold hits you with a +0 short sword.
You closely miss the kobold. The kobold misses you.
You hit the kobold.
You kill the kobold!
No target in view!
d - 12 stones {throwing} (gained 3)
Things that are here:
a +0 short sword {short}; a kobold corpse You now have 79 gold pieces (gained 14).
Things that are here:
a +0 short sword {short}; a kobold corpse
u - a scroll labelled XEICAU FETAA
Found a stone staircase leading down.
v - a yellow potion Unknown command.
There is a shaft here.
There is a stone staircase leading up here.
Things that are here:
a +0 short sword {short}; a kobold skeleton You see here a +0 flail {mace}.
You see here a rat skeleton.
You see here a +2 mace of protection {mace}.
There is a stone staircase leading up here.
There is a shaft here.
There is a stone staircase leading down here.
A ball python comes into view.
Danger!
The ball python hisses angrily.
The ball python bites you but does no damage.
You hit the ball python.
You kill the ball python!
No target in view!
No target in view!
You see here a ball python corpse.
d - 16 stones {throwing} (gained 4)
You see here a +0 club {mace}.
A ball python comes into view.
Danger!
The ball python hisses angrily.
The ball python closely misses you.
You hit the ball python. The ball python closely misses you.
You hit the ball python but do no damage.
The ball python bites you.
You hit the ball python.
You kill the ball python!
No target in view!
No target in view!
You see here a ball python corpse.
n - 2 puce potions (gained 1)
A goblin comes into view. It is wielding a +0 dagger.
Danger!
The goblin shouts!
The goblin hits you but does no damage.
You hit the goblin but do no damage. Your punch misses the goblin.
The goblin hits you but does no damage.
You hit the goblin.
You kill the goblin!
No target in view!
Found Cirphof's Book Boutique.
Unknown command.
No target in view!
A kobold and a quokka come into view.
The kobold is wielding a +2 whip of electrocution.
Danger!
The kobold shouts!
You hit the kobold but do no damage. The kobold hits you but does no damage.
You are electrocuted!
You are too injured to fight recklessly!
You are too injured to fight recklessly!
You are too injured to fight recklessly!
Unknown command.
Casting: Wereblood (safe; 11% risk of failure)
Confirm with . or Enter, or press ? or * to list all spells.
You grow a pair of large bovine horns.
Your feet morph into talons.
The kobold completely misses you.
Casting: Beastly Appendage (safe; 7% risk of failure)
Confirm with . or Enter, or press ? or * to list all spells.
Your blood is infused with primal strength.
The kobold hits you with a +2 whip of electrocution.
Unknown command.
Unknown command.
You barely miss the kobold. You claw the kobold, but do no damage.
A hobgoblin comes into view.
The kobold hits you with a +2 whip of electrocution.
The hobgoblin shouts!
You hit the kobold but do no damage. Your headbutt misses the kobold.
The kobold hits you but does no damage.
You closely miss the kobold.
The kobold hits you with a +2 whip of electrocution.
* * * LOW HITPOINT WARNING * * *
You are electrocuted!!
Ouch! That really hurt!
You die...

Skill      XL: |  1  2  3 |
---------------+----------+-----
Dodging        | 2 |  2.0
Transmutations | 2 |  2.3
Fighting       | 2 |  2.5
Unarmed Combat | 3 |  3.0
Spellcasting   | 3 |  3.0

Action                   || total
-------------------------++-------
Melee: Unarmed           ||   122
       Kick              ||     7
       Headbutt          ||     5
       Punch             ||     1
 Cast: Beastly Appendage ||     9
       Wereblood         ||     2
Armor: Robe              ||    69
Dodge: Dodged            ||    62

Levels and vault maps discovered:
D:1:      saegor_arrival_simple_d, layout_basic, serial_shops,
          nicolae_lakefront_shop, minmay_misc_feat_alley
D:2:      layout_basic, serial_shops, shop_fountains, minmay_pentomino_w2

Notes
Turn   | Place    | Note
-------+----------+-------------------------------------------
     0 | D:1      | Sobieck the Ogre Transmuter began the quest for the Orb.
     0 | D:1      | Reached XP level 1. HP: 19/19 MP: 3/3
   480 | D:1      | Reached XP level 2. HP: 28/28 MP: 3/5
   523 | D:1      | Learned a level 2 spell: Wereblood
   549 | D:1      | Found Reec's Assorted Antiques.
   571 | D:1      | Reached skill level 2 in Dodging
   571 | D:1      | Reached skill level 2 in Transmutations
   578 | D:1      | Bought a scroll labelled SIME TUTRIOKACS for 25 gold pieces
   578 | D:1      | Bought a purple potion for 22 gold pieces
   578 | D:1      | Bought a scroll labelled LULIAT GIRPH for 25 gold pieces
   597 | D:1      | Reached skill level 2 in Fighting
   851 | D:1      | Reached XP level 3. HP: 35/35 MP: 7/7
   975 | D:1      | Reached skill level 3 in Unarmed Combat
  1260 | D:2      | You pick up a book of Minor Magic and begin reading...
  1260 | D:2      | You add the spells Magic Dart, Call Imp and Mephitic Cloud
                  | to your library.
  1266 | D:2      | Identified the +1 robe of the Realm of Zot {Harm}
  1291 | D:2      | You pick up a book of Annihilations and begin reading...
  1291 | D:2      | You add the spells Chain Lightning, Fire Storm and Shatter
                  | to your library.
  1334 | D:2      | Reached skill level 3 in Spellcasting
  1696 | D:2      | Found Cirphof's Book Boutique.
  1707 | D:2      | Slain by a kobold

Vanquished Creatures
  A gnoll (D:1)
  An orc (D:2)
  7 ball pythons
  2 endoplasms
  A giant cockroach (D:2)
  2 goblins (D:2)
  A hobgoblin (D:1)
  A jackal (D:2)
  6 kobolds
  A quokka (D:1)
  6 bats (D:1)
  A rat (D:2)
30 creatures vanquished.

Table legend:
 A = Non-vault XP
 B = Vault XP
 C = Vault XP percentage of total XP
 D = Non-vault monster count
 E = Vault monster count
 F = Vault count percentage of total count
                 A         B        C        D         E       F
            +---------+---------+-------+---------+---------+-------
      Total |      58 |       4 |   6.5 |      28 |       2 |   6.7
            +---------+---------+-------+---------+---------+-------
        D:1 |      41 |       0 |   0.0 |      19 |       0 |   0.0
        D:2 |      17 |       4 |  19.0 |       9 |       2 |  18.2
            +---------+---------+-------+---------+---------+-------

Illustrated notes

Table legend:
 A = Kills in this place as a percentage of kills in entire the game.
 B = Kills by you in this place as a percentage of kills by you in the entire game.
 C = Kills by friends in this place as a percentage of kills by friends in the entire game.
 D = Other kills in this place as a percentage of other kills in the entire game.
 E = Experience gained in this place as a percentage of experience gained in the entire game.
 F = Experience gained in this place divided by the number of levels of this place that you have seen.
                   A       B       C       D       E      F
               +-------+-------+-------+-------+-------+----------------------
         Total | 100.0 | 100.0 |   N/A |   N/A | 100.0 |  31.0
       Dungeon | 100.0 | 100.0 |   N/A |   N/A | 100.0 |  31.0
               +-------+-------+-------+-------+-------+----------------------

Table legend: (Time is in decaauts)
 A = Elapsed time spent in this place.
 B = Non-inter-level travel time spent in this place.
 C = Inter-level travel time spent in this place.
 D = Time resting spent in this place.
 E = Time spent auto-exploring this place.
 F = Levels seen in this place.
 G = Mean time per level.
                   A        B        C        D        E       F      G
               +--------+--------+--------+--------+--------+-----+--------+
         Total |   1702 |   1693 |      9 |    382 |   1027 |   2 |  851.0 |
       Dungeon |   1702 |   1693 |      9 |    382 |   1027 |   2 |  851.0 |
               +--------+--------+--------+--------+--------+-----+--------+

Top non-repeatable levels by time:
     D:1: 1198 daAuts
     D:2: 504 daAuts
